 Dungeon Crawl Stone Soup version 0.28.0 (webtiles) character file.

Game seed: 5972087901392361801

2887 GrayStillPlays the Magician (level 9, 0/67 HPs)
             Began as a Demonspawn Hedge Wizard on Feb 12, 2022.
             Was an Initiate of Gozag.
             Slain by a hornet zombie (4 damage)
             ... in an ossuary.
             The game lasted 00:37:25 (10034 turns).

GrayStillPlays the Magician (DsWz)                 Turns: 10034, Time: 00:37:26

Health: 0/67       AC: 10    Str: 18    XL:     9   Next: 48%
Magic:  16/16      EV: 14    Int: 20    God:    Gozag
Gold:   98         SH:  5    Dex: 13    Spells: 15/18 levels left

rFire   + + .      SeeInvis .   a - +7 mace "Uffomipn" {vorpal, Str+2, mace}
rCold   x . .      Faith    .   y - +0 buckler
rNeg    . . .      Spirit   .   W - +0 fire dragon scales
rPois   .          Reflect  .   c - +0 hat
rElec   .          Harm     .   e - scarf {repulsion}
rCorr   .          Rampage  .   K - +0 pair of gloves
Will    .....                   x - +0 pair of boots
Stlth   ..........              (no amulet)
HPRegen 0.21/turn               i - +6 ring of strength
MPRegen 0.30/turn               s - +4 ring of evasion

@: repel missiles
A: claws 2, magic regeneration
a: Renounce Religion, Potion Petition, Call Merchant, Bribe Branch


You were in an ossuary.
You worshipped Gozag.
Gozag was noncommittal.
You visited 2 branches of the dungeon, and saw 8 of its levels.
You also visited: Ossuary.

You collected 387 gold pieces.
You paid 289 gold pieces to Gozag.


Innate Abilities, Weirdness & Mutations

You have very sharp fingernails.
You regenerate magic rapidly.


   Skills:
 + Level 4.8 Fighting
 + Level 1.8 Armour
 + Level 4.9 Dodging
 - Level 1.7 Stealth
 - Level 4.0 Shields
 - Level 5.0 Spellcasting
 - Level 2.2 Conjurations
 - Level 1.6 Summonings
 + Level 4.4 Translocations
 + Level 2.7 Air Magic
 + Level 3.0 Poison Magic
 + Level 4.3 Evocations


You had 15 spell levels left.
You knew the following spells:

 Your Spells              Type           Power      Damage    Failure   Level
a - Magic Dart            Conj           52%        1d5       26%         1
b - Blink                 Tloc           44%        N/A       16%         2

Your spell library contained the following spells:

 Spells                   Type           Power      Damage    Failure   Level
 Call Imp                 Summ           11%        N/A       43%         2
 Slow                     Hex            20%        N/A       52%         1
 Mephitic Cloud           Conj/Pois/Air  15%        N/A       52%         3
 Portal Projectile        Hex/Tloc       26%        N/A       58%         3
 Sublimation of Blood     Necr           5%         N/A       67%         2
 Wereblood                Tmut           5%         N/A       67%         2
 Conjure Flame            Conj/Fire      9%         6-21      75%         3
 Animate Armour           Summ/Erth      16%        N/A       99%         4
 Blade Hands              Tmut           2%         N/A       100%        5
 Excruciating Wounds      Necr           2%         N/A       100%        5
 Iron Shot                Conj/Erth      4%         9d2       100%        6
 Summon Hydra             Summ           5%         N/A       100%        7

Inventory:

Hand Weapons
 a - the +7 mace "Uffomipn" (weapon) {vorpal, Str+2, mace}
   (You found it on level 7 of the Dungeon)

   It inflicts extra damage upon your enemies.
   Str:       It affects your strength (+2).
 f - a +1 dagger of freezing {short}
   (You found it on level 1 of the Dungeon)
 v - a +1 dagger of flaming {short}
   (You took it off Dowan on level 6 of the Dungeon)
 D - a +3 hand axe {axe}
   (You found it on level 5 of the Dungeon)
 I - a +1 war axe of distortion {!waxe}
   (You took it off Blork the orc on level 6 of the Dungeon)
 Q - a +0 war axe {axe}
   (You found it on level 5 of the Dungeon)
Missiles
 L - 5 poisoned darts {throwing}
 U - 72 bolts
Armour
 b - a +0 robe
 c - a +0 hat (worn)
 e - a scarf of repulsion (worn)
   (You found it on level 1 of the Dungeon)
 x - a +0 pair of boots (worn)
   (You found it on level 2 of the Dungeon)
 y - a +0 buckler (worn)
   (You found it on level 2 of the Dungeon)
 K - a +0 pair of gloves (worn)
   (You found it on level 4 of the Dungeon)
 R - a +0 leather armour
   (You found it on level 5 of the Dungeon)
 W - +0 fire dragon scales (worn)
   (You found it on level 6 of the Dungeon)
Magical Staves
 H - a staff of cold {!astaff}
   (You found it on level 6 of the Dungeon)
 P - a staff of earth {!astaff}
   (You found it on level 5 of the Dungeon)
 Z - a staff of fire {!astaff}
   (You found it on level 7 of the Dungeon)
Jewellery
 i - a +6 ring of strength (left hand)
   (You found it on level 1 of the Dungeon)
 s - a +4 ring of evasion (right hand)
   (You found it on level 2 of the Dungeon)
 B - a ring of resist corrosion
   (You found it on level 3 of the Dungeon)
 S - a +6 ring of strength
   (You found it on level 6 of the Dungeon)
 X - a ring of wizardry
   (You found it on level 7 of the Dungeon)
Wands
 r - a wand of iceblast (4)
   (You found it on level 2 of the Dungeon)
 J - a wand of flame (9)
   (You found it on level 4 of the Dungeon)
 M - a wand of digging (9)
   (You found it on level 6 of the Dungeon)
Scrolls
 d - a scroll of summoning {unknown}
 h - a scroll of vulnerability {unknown}
 l - 2 scrolls of teleportation {unknown}
 m - a scroll of enchant armour {unknown}
 t - 10 scrolls of identify {unknown}
 A - 2 scrolls of blinking {unknown}
 F - a scroll of immolation {!r!r}
 G - a scroll of brand weapon {unknown}
 O - a scroll of enchant weapon {unknown}
 V - a scroll of amnesia {unknown}
Potions
 g - 2 potions of curing {unknown}
 j - a potion of haste {unknown}
 k - a potion of ambrosia {unknown}
 o - 3 potions of mutation {unknown}
 p - a potion of brilliance {unknown}
 u - a potion of heal wounds {@q2}
 w - 3 potions of invisibility {unknown}
 z - a potion of degeneration {unknown}
 C - a potion of cancellation {unknown}
 E - 2 potions of lignification {unknown}
 T - a potion of resistance {unknown}
 Y - a potion of magic {unknown}

Dungeon Overview and Level Annotations

Branches:
Dungeon (7/15)             Temple (1/1) D:7         Ossuary (1/1)

Altars:
Gozag
Kikubaaqudgha
Makhleb
Okawaru
Ru
Trog
Uskayaw
Yredelemnul
The Shining One

Shops:
D:1

* #+ ..' #.# #.+
#.# #.+
#'#####.###
........Z@##
'#####$##≈#
#∩$.#≈≈P#≈#
#$$.#≈#≈#≈#
#$.$#≈≈P#≈#
M##≈##$##.≈≈≈≈#
.≈.≈≈.Z≈≈≈≈≈.#≈#
.≈≈≈≈≈.≈.#+###≈#
.#.≈.≈.#.≈ #


You could see a hornet zombie.


Message History

The howler monkey zombie hits you.
* * * LOW HITPOINT WARNING * * *
😱 HP[-9]
You take 9 damage, and now have 5/67 hp.
You barely miss the howler monkey zombie.
The howler monkey zombie hits you but does no damage.
You sock the howler monkey zombie!
You destroy the howler monkey zombie!
It's broken and can't be closed.
You start resting.
A centaur zombie comes into view. 😱 HP[+4]
You regained 4 hp, and now have 9/67 hp.
You sock the centaur zombie! You block the centaur zombie's attack.
The centaur zombie kicks you but does no damage.
You block the centaur zombie's attack.
The centaur zombie kicks you but does no damage. 😱 HP[+1]
You sock the centaur zombie!
The centaur zombie hits you but does no damage.
The centaur zombie kicks you but does no damage.
You block the centaur zombie's attack.
The centaur zombie kicks you but does no damage.
You sock the centaur zombie!
The centaur zombie completely misses you.
The centaur zombie barely misses you. You block the centaur zombie's attack.
The centaur zombie closely misses you.
You thump the centaur zombie!
You destroy the centaur zombie!
Your Poison Magic skill increases to level 3! 😱 HP[+1]
You start resting.
A wyvern zombie comes into view. 😱 HP[+1]
You feel much better. 😮 HP[+22]
You regained 22 hp, and now have 34/67 hp.
You hit the wyvern zombie. The wyvern zombie bites you!
* * * LOW HITPOINT WARNING * * *
The wyvern zombie bites you but does no damage. 😨 HP[-7]
You take 7 damage, and now have 27/67 hp.
You hit the wyvern zombie. The wyvern zombie closely misses you.
The wyvern zombie bites you.
* * * LOW HITPOINT WARNING * * *
😨 HP[-3]
You take 3 damage, and now have 24/67 hp.
You hit the wyvern zombie. The wyvern zombie barely misses you.
The wyvern zombie closely misses you.
You hit the wyvern zombie.
The wyvern zombie bites you but does no damage.
The wyvern zombie barely misses you. 😨 HP[+1]
You hit the wyvern zombie.
The wyvern zombie bites you but does no damage.
The wyvern zombie barely misses you.
You sock the wyvern zombie! The wyvern zombie bites you.
* * * LOW HITPOINT WARNING * * *
The wyvern zombie bites you.
* * * LOW HITPOINT WARNING * * *
😨 HP[-7]
You take 7 damage, and now have 18/67 hp.
You sock the wyvern zombie!
You destroy the wyvern zombie! 😨 HP[+1]
You start resting.
A hornet zombie comes into view. 😨 HP[+5]
You regained 5 hp, and now have 24/67 hp.
You sock the hornet zombie! The hornet zombie hits you.
* * * LOW HITPOINT WARNING * * *
The hornet zombie misses you. 😨 HP[-2]
You take 2 damage, and now have 22/67 hp.
You sock the hornet zombie!
The hornet zombie closely misses you. x2
You barely miss the hornet zombie.
You block the hornet zombie's attack. x2
You barely miss the hornet zombie. The hornet zombie barely misses you.
The hornet zombie misses you.
You sock the hornet zombie!
The hornet zombie hits you but does no damage.
The hornet zombie hits you.
* * * LOW HITPOINT WARNING * * *
😨 HP[-3]
You take 3 damage, and now have 19/67 hp.
You barely miss the hornet zombie. The hornet zombie misses you. x2
You hit the hornet zombie but do no damage.
The hornet zombie hits you.
* * * LOW HITPOINT WARNING * * *
You block the hornet zombie's attack. 😱 HP[-6]
You take 6 damage, and now have 13/67 hp.
You barely miss the hornet zombie. The hornet zombie hits you.
* * * LOW HITPOINT WARNING * * *
The hornet zombie hits you!
* * * LOW HITPOINT WARNING * * *
😱 HP[-9]
You take 9 damage, and now have 4/67 hp.
You thump the hornet zombie! The hornet zombie hits you.
You die...
Your body crumbles into a pile of gold.

Skill      XL: |  1  2  3  4  5  6  7  8  9 |
---------------+----------------------------+-----
Dodging        | 2 3 4 |  4.9
Fighting       | 1 2 3 4 |  4.8
Translocations | 1 2 3 4 |  4.4
Conjurations   | 2 |  2.2
Shields        | 1 2 3 4 |  4.0
Evocations     | 1 2 3 4 |  4.3
Spellcasting   | 4 5 |  5.0
Air Magic      | 2 |  2.7
Poison Magic   | 2 3 |  3.0
Armour         | 1 |  1.8
Stealth        | |  1.7
Summonings     | |  1.6

Action                   |  1- 3 |  4- 6 |  7- 9 || total
-------------------------+-------+-------+-------++-------
Melee: Dagger            |    50 |    39 |       ||    89
       Punch             |     2 |       |       ||     2
       Unarmed           |    21 |    61 |       ||    82
       War axe           |       |    31 |   175 ||   206
       Mace              |       |       |    65 ||    65
Throw: Dart              |       |     4 |    19 ||    23
       Javelin           |       |       |     3 ||     3
 Cast: Magic Dart        |    48 |    73 |    26 ||   147
       Blink             |       |       |     1 ||     1
Evoke: Wand              |     1 |     8 |     9 ||    18
  Use: Scroll            |       |     1 |     1 ||     2
       Potion            |       |       |     3 ||     3
 Stab: Sleeping          |     1 |       |       ||     1
Armor: Robe              |    11 |    18 |       ||    29
       Leather armour    |       |     3 |    28 ||    31
       Fire dragon scale |       |       |    59 ||    59
Dodge: Dodged            |    63 |    94 |   232 ||   389
       Repelled          |     1 |       |     2 ||     3
Block: Buckler           |       |    19 |    67 ||    86

Levels and vault maps discovered:
D:1:      tarquinn_simple_flora_water_e, layout_loops_ring,
          hellmonk_ecumenical_altar_lost_god, serial_shops,
          nicolae_shop_advertising_works [nicolae_subvault_shop_adworks],
          st_stairs_4, chequers_serial_rivers_large_b
D:2:      minmay_evil_eye, layout_basic
D:3:      layout_basic, lemuel_crystal_altar, serial_bayou_lake_a
D:4:      layout_loops_ring
D:5:      layout_gridville, minmay_crystal_water, minmay_gold_behind_fungi
D:6:      layout_basic, uniq_duvessa, uniq_blork_the_orc, uniq_eustachio
D:7:      minmay_klotski, layout_basic, minmay_temple_entry_slanted,
          nicolae_ossuary_entry_false_entrances
Temple:   nicolae_temple_the_god_donut
Ossuary:  ossuary_zaba_flooded

Notes
Turn   | Place    | Note
-------+----------+-------------------------------------------
     0 | D:1      | GrayStillPlays the Demonspawn Hedge Wizard began the quest
                  | for the Orb.
     0 | D:1      | Reached XP level 1. HP: 13/13 MP: 4/4
     0 | D:1      | magus.rc [v1.9.6]
   144 | D:1      | Found a faded altar of an unknown god.
   451 | D:1      | Found Zoalew's General Store.
   542 | D:1      | Gained mutation: You have sharp fingernails. [demonic
                  | ancestry]
   542 | D:1      | Reached XP level 2. HP: 16/20 MP: 4/6
   678 | D:1      | Reached skill level 2 in Dodging
  1360 | D:2      | Reached skill level 1 in Fighting
  1406 | D:2      | Gained mutation: You have very sharp fingernails. [demonic
                  | ancestry]
  1406 | D:2      | Reached XP level 3. HP: 26/26 MP: 5/7
  1741 | D:2      | Reached skill level 1 in Translocations
  2450 | D:2      | Reached XP level 4. HP: 32/32 MP: 9/9
  2466 | D:2      | HP: 8/32 [shot self (17)]
  2862 | D:2      | Learned a level 2 spell: Blink
  2924 | D:3      | You pick up a book of Blood and begin reading...
  2924 | D:3      | You add the spells Sublimation of Blood, Wereblood and
                  | Summon Hydra to your library.
  2939 | D:3      | Reached skill level 2 in Conjurations
  2964 | D:3      | Found a bloodstained altar of Trog.
  3518 | D:3      | Reached XP level 5. HP: 38/38 MP: 7/10
  4536 | D:4      | HP: 7/38 [iguana (10)]
  4749 | D:4      | HP: 9/38 [iguana (2)]
  5208 | D:4      | Noticed an ogre
  5213 | D:4      | Killed an ogre
  5213 | D:4      | Noticed a necrophage
  5214 | D:4      | Reached skill level 2 in Fighting
  5214 | D:4      | Reached skill level 3 in Dodging
  5214 | D:4      | Reached skill level 1 in Shields
  5537 | D:4      | Killed a necrophage
  5538 | D:4      | Reached skill level 2 in Translocations
  5538 | D:4      | Reached skill level 1 in Evocations
  5538 | D:4      | Gained mutation: You regenerate magic rapidly. [demonic
                  | ancestry]
  5538 | D:4      | Reached XP level 6. HP: 45/45 MP: 11/11
  5709 | D:5      | Entered Level 5 of the Dungeon
  5742 | D:5      | HP: 10/46 [poisoned by a scorpion]
  5747 | D:5      | HP: 6/46 [poisoned by a scorpion]
  6276 | D:4      | Reached skill level 4 in Spellcasting
  6635 | D:5      | Reached skill level 2 in Shields
  6635 | D:5      | Reached XP level 7. HP: 39/51 MP: 13/13
  6727 | D:5      | Reached skill level 2 in Evocations
  6886 | D:5      | Reached skill level 3 in Fighting
  7207 | D:5      | Reached skill level 3 in Translocations
  7661 | D:5      | Reached XP level 8. HP: 41/58 MP: 14/14
  7822 | D:5      | You pick up a book of Iron and begin reading...
  7822 | D:5      | You add the spells Animate Armour, Blade Hands and Iron
                  | Shot to your library.
  8000 | D:5      | HP: 14/58 [something (6)]
  8028 | D:5      | Reached skill level 4 in Dodging
  8283 | D:6      | Reached skill level 3 in Shields
  8283 | D:6      | Reached skill level 1 in Air Magic
  8283 | D:6      | Reached skill level 1 in Poison Magic
  8283 | D:6      | Reached skill level 3 in Evocations
  8326 | D:6      | Noticed Eustachio
  8334 | D:6      | Killed Eustachio
  8447 | D:6      | Noticed Duvessa
  8447 | D:6      | Noticed Dowan
  8461 | D:6      | Killed Duvessa
  8470 | D:6      | Killed Dowan
  8471 | D:6      | Reached skill level 4 in Fighting
  8569 | D:6      | Reached skill level 5 in Spellcasting
  8631 | D:6      | Reached skill level 2 in Poison Magic
  8766 | D:6      | Noticed Blork the orc
  8775 | D:6      | Killed Blork the orc
  9433 | D:7      | Reached skill level 2 in Air Magic
  9433 | D:7      | Reached XP level 9. HP: 65/65 MP: 16/16
  9502 | D:7      | Found a staircase to the Ecumenical Temple.
  9508 | D:7      | Reached skill level 4 in Translocations
  9526 | D:7      | Reached skill level 1 in Armour
  9533 | Temple   | Entered the Ecumenical Temple
  9553 | Temple   | Became a worshipper of Gozag Ym Sagoz the Greedy
  9606 | D:7      | Reached skill level 4 in Evocations
  9672 | D:7      | You pick up a book of Weapons and begin reading...
  9672 | D:7      | You add the spells Portal Projectile and Excruciating
                  | Wounds to your library.
  9708 | D:7      | Identified the +7 mace "Uffomipn" {vorpal, Str+2}
  9791 | D:7      | Found a sand-covered staircase.
  9852 | Ossuary  | Entered an ossuary
  9899 | Ossuary  | HP: 12/65 [killer bee zombie (6)]
  9901 | Ossuary  | HP: 3/65 [water moccasin zombie (5)]
  9914 | Ossuary  | Reached skill level 4 in Shields
  9914 | Ossuary  | HP: 14/66 [cloud of flame (7)]
  9944 | Ossuary  | HP: 14/67 [centaur zombie (1)]
  9952 | Ossuary  | HP: 15/67 [centaur zombie (1)]
  9956 | Ossuary  | HP: 5/67 [howler monkey zombie (5)]
  9983 | Ossuary  | Reached skill level 3 in Poison Magic
 10032 | Ossuary  | HP: 13/67 [hornet zombie (6)]
 10033 | Ossuary  | HP: 4/67 [hornet zombie (8)]
 10034 | Ossuary  | Slain by a hornet zombie

Vanquished Creatures
  A wyvern (D:6)
  Eustachio (D:6)
  Duvessa (D:6)
  A sky beast (D:5)
  2 ice beasts
  An ogre (D:4)
  2 necrophages
  A centaur (D:5)
  A phantom (D:5)
  Blork the orc (D:6)
  A gnoll sergeant (D:5)
  3 bullfrogs
  2 wyvern zombies
  3 scorpions
  A water moccasin zombie (Ossuary)
  Dowan (D:6)
  8 wights
  A howler monkey (D:3)
  4 centaur zombies (Ossuary)
  3 bullfrog zombies
  A hound (D:6)
  A centaur skeleton (D:5)
  An iguana (D:4)
  5 mummies (Ossuary)
  An orc wizard (D:7)
  A killer bee zombie (Ossuary)
  A hound skeleton (D:5)
  4 howler monkey zombies (Ossuary)
  8 gnolls
  6 adders
  A shadow imp (D:6)
  An ufetubus (D:2)
  An adder skeleton (D:4)
  A dart slug (D:1)
  8 orcs
  5 ball pythons
  9 bats
  8 endoplasms
  2 giant cockroaches
  5 goblins
  9 hobgoblins
  2 quokkas
  3 frilled lizards
  4 kobolds
  9 rats
136 creatures vanquished.

Vanquished Creatures (others)
  9 fungi (D:5)
  6 plants (D:3)
  4 toadstools (D:5)
  5 withered plants (Ossuary)
24 creatures vanquished.

Grand Total: 160 creatures vanquished

Table legend:
 A = Non-vault XP
 B = Vault XP
 C = Vault XP percentage of total XP
 D = Non-vault monster count
 E = Vault monster count
 F = Vault count percentage of total count
                 A         B        C        D         E       F
            +---------+---------+-------+---------+---------+-------
      Total |    2935 |    1190 |  28.8 |     108 |      28 |  20.6
            +---------+---------+-------+---------+---------+-------
        D:1 |      23 |       3 |  11.5 |      14 |       2 |  12.5
        D:2 |      80 |      16 |  16.7 |      23 |       4 |  14.8
        D:3 |      78 |       0 |   0.0 |      13 |       0 |   0.0
        D:4 |     378 |       0 |   0.0 |      18 |       0 |   0.0
        D:5 |    1023 |       0 |   0.0 |      15 |       0 |   0.0
        D:6 |     637 |     498 |  43.9 |      11 |       4 |  26.7
        D:7 |     716 |       0 |   0.0 |      14 |       0 |   0.0
    Ossuary |       0 |     673 | 100.0 |       0 |      18 | 100.0
            +---------+---------+-------+---------+---------+-------

Illustrated notes

Table legend:
 A = Kills in this place as a percentage of kills in entire the game.
 B = Kills by you in this place as a percentage of kills by you in the entire game.
 C = Kills by friends in this place as a percentage of kills by friends in the entire game.
 D = Other kills in this place as a percentage of other kills in the entire game.
 E = Experience gained in this place as a percentage of experience gained in the entire game.
 F = Experience gained in this place divided by the number of levels of this place that you have seen.
                   A       B       C       D       E      F
               +-------+-------+-------+-------+-------+----------------------
         Total | 100.0 | 100.0 |   N/A |   N/A | 100.0 | 458.3
       Dungeon |  86.8 |  86.8 |   N/A |   N/A |  83.7 | 493.1
       Ossuary |  13.2 |  13.2 |   N/A |   N/A |  16.3 | 673.0
               +-------+-------+-------+-------+-------+----------------------

Table legend: (Time is in decaauts)
 A = Elapsed time spent in this place.
 B = Non-inter-level travel time spent in this place.
 C = Inter-level travel time spent in this place.
 D = Time resting spent in this place.
 E = Time spent auto-exploring this place.
 F = Levels seen in this place.
 G = Mean time per level.
                   A        B        C        D        E       F      G
               +--------+--------+--------+--------+--------+-----+--------+
         Total |  10296 |   9697 |    599 |   2145 |   4512 |   9 | 1144.0 |
       Dungeon |  10022 |   9423 |    599 |   2067 |   4512 |   7 | 1431.7 |
        Temple |     37 |     37 |      0 |      0 |      0 |   1 |   37.0 |
       Ossuary |    236 |    236 |      0 |     78 |      0 |   1 |  236.0 |
               +--------+--------+--------+--------+--------+-----+--------+

Top non-repeatable levels by time:
     D:5: 2207 daAuts
     D:4: 1860 daAuts
     D:2: 1547 daAuts
     D:3: 1432 daAuts
     D:1: 1389 daAuts
     D:6: 1146 daAuts
     D:7: 439 daAuts
 Ossuary: 236 daAuts
  Temple: 37 daAuts
